 Dungeon Crawl Stone Soup version 0.30.0-2-g1aa4bd4387 (webtiles) character file.

Game seed: 16377487154322862560

2487 Byczy the Cleaver (level 9, -1/79 HPs)
             Began as a Minotaur Berserker on May 7, 2023.
             Was an Elder of Trog.
             Slain by a wight
             ... wielding a +2 great sword of freezing
              (15 damage)
             ... on level 7 of the Dungeon.
             The game lasted 00:18:21 (6260 turns).

Byczy the Cleaver (Minotaur Berserker)              Turns: 6260, Time: 00:18:22

Health: -1/79      AC:  5    Str: 26    XL:     9   Next: 27%
Magic:  8/8        EV: 29    Int:  4    God:    Trog [****..]
Gold:   358        SH:  0    Dex: 16    Spells: 8/8 levels left

rFire   . . .        J - +2 battleaxe (freeze)
rCold   . . .        (shield currently unavailable)
rNeg    + . .        D - +1 leather armour of Baldness {rN+}
rPois   .            (helmet restricted)
rElec   .            (no cloak)
rCorr   .            (no gloves)
SInv    .            (no boots)
Will    .....        c - amulet of the acrobat
Stlth   ++           z - +6 ring of dexterity
HPRegen 0.33/turn    (no ring)
MPRegen 0.11/turn

%: acrobat
@: lethally poisoned (-1 -> -2), acrobatic, slowed, very slow
A: horns 2, retaliatory headbutt
a: Renounce Religion, Berserk, Trog's Hand, Brothers in Arms


You were on level 7 of the Dungeon.
You worshipped Trog.
Trog was greatly pleased with you.
You visited 2 branches of the dungeon, and saw 8 of its levels.

You collected 358 gold pieces.

Inventory:

Hand Weapons
 a - a +0 hand axe
 B - the +3 dire flail of Beogh's Grace {freeze, rN+ Will+}
   (You found it on level 5 of the Dungeon)

   rN:        It protects you from negative energy.
   Will:      It increases your willpower.
 J - a +2 battleaxe of freezing (weapon)
Missiles
 t - 6 boomerangs (quivered)
Armour
 b - a +0 animal skin
 D - the +1 leather armour of Baldness (worn) {rN+}
   (You found it on level 5 of the Dungeon)

   rN:        It protects you from negative energy.
Jewellery
 c - an amulet of the acrobat (around neck)
 z - a +6 ring of dexterity (left hand)
Wands
 G - a wand of mindburst (12)
 H - a wand of roots (4)
Scrolls
 e - 2 scrolls of poison
 f - a scroll of fog {unknown}
 h - 3 scrolls of immolation
 k - a scroll of blinking {unknown}
 l - 3 scrolls of enchant weapon {unknown}
 n - a scroll of butterflies {unknown}
 q - a scroll of silence {unknown}
 s - 2 scrolls of enchant armour {unknown}
 v - 2 scrolls of magic mapping {unknown}
 y - a scroll of torment {unknown}
 C - a scroll of teleportation {unknown}
 E - a scroll of fear {unknown}
 F - a scroll of vulnerability {unknown}
 I - 2 scrolls of identify
Potions
 d - 3 potions of haste
 g - 2 potions of magic {unknown}
 i - 2 potions of lignification {unknown}
 j - a potion of attraction {unknown}
 m - a potion of flight {unknown}
 o - a potion of degeneration
 p - 2 potions of ambrosia
 r - a potion of curing {unknown}
 u - 2 potions of berserk rage {unknown}
 w - a potion of resistance {unknown}
 x - 2 potions of brilliance
 A - 2 potions of might {unknown}


   Skills:
 + Level 7.4 Fighting
 + Level 8.4(9.1) Axes
 + Level 5.2(7.5) Maces & Flails
 + Level 7.8 Armour
 + Level 5.0 Dodging
 + Level 2.7 Stealth


You had 8 spell levels left.
You didn't know any spells.
Your spell library contained the following spells:

 Spells                   Type           Power      Damage    Failure   Level
 Kiss of Death            Conj/Necr      0%         2d5       54%         1
 Slow                     Hex            0%         N/A       54%         1
 Ensorcelled Hibernation  Hex/Ice        0%         N/A       67%         2
 Passwall                 Tmut/Erth      0%         N/A       67%         2
 Sublimation of Blood     Necr           0%         N/A       67%         2
 Swiftness                Air            0%         N/A       88%         3
 Agony                    Necr           0%         N/A       100%        5
 Death Channel            Necr           0%         N/A       100%        6
 Simulacrum               Ice/Necr       0%         N/A       100%        6
 Haunt                    Necr/Summ      0%         N/A       100%        7


Dungeon Overview and Level Annotations

Branches:
Dungeon (7/15)             Temple (1/1) D:5

Altars:
Cheibriados
Dithmenos
Elyvilon
Fedhas
Kikubaaqudgha
Makhleb
Nemelex Xobeh
Okawaru
Qazlal
Sif Muna
Trog
Uskayaw
Vehumet
Wu Jian
Zin
The Shining One
Lugonu

Shops:
D:2 [(*:[

Portals:
Abyss: D:4

Annotations:
D:5 2 runed translucent doors


Innate Abilities, Weirdness & Mutations

You have a pair of horns on your head.
You reflexively headbutt those who attack you in melee.


Message History

You kill the kobold!
Trog accepts your kill. The kobold brigand barely misses you.
The kobold brigand completely misses you.
The kobold completely misses you.
Things that are here:
a +0 dagger; a stone; a kobold corpse You slice the kobold!!
You freeze the kobold.
You kill the kobold!
Trog accepts your kill.
You closely miss the kobold brigand. You slash the kobold!
You freeze the kobold.
You kill the kobold!
Trog accepts your kill.
You feel very sick.
The kobold brigand hits you with a +0 dagger.
The wight hits you with a +2 great sword of freezing!
The wight freezes you.
You barely miss the kobold. You hit the wight but do no damage.
You slash the kobold brigand! You freeze the kobold brigand.
You feel very sick. The kobold barely misses you.
The kobold brigand hits you with a +0 dagger.
The wight hits you with a +2 great sword of freezing!
* * * LOW HITPOINT WARNING * * *
The wight freezes you.
* * * LOW HITPOINT WARNING * * *
You feel sick. The wight completely misses you. The wight misses you.
You furiously retaliate!
You headbutt the wight. The kobold brigand closely misses you.
You furiously retaliate!
You headbutt the kobold brigand! The kobold completely misses you.
You furiously retaliate!
You headbutt the kobold!
You kill the kobold!
Trog accepts your kill. The wight attacks as you move away!
The wight closely misses you. You furiously retaliate!
You headbutt the wight!
You feel sick. The kobold brigand closely misses you.
You feel sick.
The wight hits you with a +2 great sword of freezing!
You die...

#..........
#..........
#..........
#..........
#.)........
#.)).......
#fz).......
#Kz........
############@.....!...
#<....................
###############......#
......# ......#
......# .....


You could see a kobold brigand, a sleepcap and 2 wights.

Vanquished Creatures
  Grinder (D:5)
  A yak (D:5)
  A water moccasin (D:5)
  3 orc warriors
  An ice beast (D:6)
  An ogre (D:6)
  A centaur (D:6)
  A phantom (D:5)
  A kobold brigand (D:6)
  2 bullfrogs (D:6)
  A scorpion (D:5)
  8 wights
  A howler monkey (D:5)
  A jelly (D:5)
  6 hounds
  A gnoll bouda (D:5)
  2 orc priests
  5 iguanas
  4 orc wizards
  7 gnolls
  2 adders
  An ufetubus (D:5)
  3 worms
  3 dart slugs
  14 orcs
  6 ball pythons
  A bat (D:2)
  8 endoplasms
  7 giant cockroaches
  7 goblins
  9 hobgoblins
  6 jackals
  16 kobolds
  4 quokkas
  2 frilled lizards
  4 rats
142 creatures vanquished.

Vanquished Creatures (others)
  A lurking horror (D:4)
1 creature vanquished.

Grand Total: 143 creatures vanquished

Notes
Turn   | Place    | Note
-------+----------+-------------------------------------------
     0 | D:1      | Byczy the Minotaur Berserker began the quest for the Orb.
     0 | D:1      | Reached XP level 1. HP: 19/19 MP: 0/0
   244 | D:1      | Reached XP level 2. HP: 26/27 MP: 1/1
   318 | D:1      | Reached skill level 4 in Axes
   488 | D:1      | Found a faded altar of an unknown god.
   516 | D:1      | Got Plato's Atlas of Obstruction
   958 | D:2      | Reached ** piety under Trog
   959 | D:2      | Reached XP level 3. HP: 31/33 MP: 2/2
   976 | D:2      | Found Ciuxun's Armour Emporium.
   988 | D:2      | Got the Volume of Death
  1087 | D:2      | Found Eqai's Book Boutique.
  1095 | D:2      | Found Atehumy's Armour Shop.
  1156 | D:2      | Found Metur's Antique Weapon Emporium.
  1254 | D:2      | Found Xyekhl Qoud's General Store.
  1484 | D:3      | Found a radiant altar of Vehumet.
  1596 | D:3      | Found a hide-covered altar of Uskayaw.
  1596 | D:3      | Found a glowing golden altar of the Shining One.
  1809 | D:3      | Reached XP level 4. HP: 41/41 MP: 3/3
  2181 | D:4      | Found a one-way gate to the infinite horrors of the Abyss.
  2181 | D:4      | Found a corrupted altar of Lugonu.
  2207 | D:4      | Reached skill level 5 in Fighting
  2353 | D:4      | Reached skill level 5 in Axes
  2353 | D:4      | Reached XP level 5. HP: 34/48 MP: 4/4
  2516 | D:4      | Reached *** piety under Trog
  3032 | D:5      | Entered Level 5 of the Dungeon
  3042 | D:5      | Noticed Grinder
  3061 | D:5      | Killed Grinder
  3062 | D:5      | Reached skill level 6 in Axes
  3062 | D:5      | Reached XP level 6. HP: 18/57 MP: 5/5
  3225 | D:5      | Found an ornate altar of the Wu Jian Council.
  3253 | D:5      | Noticed a water moccasin
  3254 | D:5      | Found a large runed translucent door.
  3316 | D:5      | Reached skill level 5 in Armour
  3499 | D:5      | Reached XP level 7. HP: 55/62 MP: 6/6
  3527 | D:5      | Found a staircase to the Ecumenical Temple.
  3569 | Temple   | Entered the Ecumenical Temple
  3668 | D:5      | Found a large runed translucent door.
  3735 | D:5      | Found a large runed translucent door.
  3761 | D:5      | Found a large runed translucent door.
  4341 | D:5      | Reached skill level 7 in Axes
  4341 | D:5      | Reached skill level 1 in Stealth
  4345 | D:5      | Noticed a yak
  4354 | D:5      | Killed a yak
  4355 | D:5      | Reached XP level 8. HP: 26/71 MP: 7/7
  4502 | D:5      | Got the Volume of Exhumation
  4698 | D:5      | Identified the +3 dire flail of Beogh's Grace {freeze, rN+
                  | Will+}
  4706 | D:5      | Identified the +1 leather armour of Baldness {rN+}
  5079 | D:6      | Found a shimmering blue altar of Sif Muna.
  5105 | D:6      | Reached skill level 8 in Axes
  5113 | D:6      | Reached skill level 1 in Maces & Flails
  5309 | D:6      | Reached **** piety under Trog
  5357 | D:6      | Found a bloodstained altar of Trog.
  5484 | D:6      | Reached XP level 9. HP: 69/79 MP: 8/8
  5691 | D:6      | Reached skill level 5 in Dodging
  5998 | D:6      | Reached skill level 5 in Maces & Flails
  6260 | D:7      | Slain by a wight

Illustrated notes

Levels and vault maps discovered:
D:1:      nicolae_arrival_somewhat_less_tricky_arrival, layout_loops_ring,
          shapermc_ecumenical_altar_rom_forum, dreamdust_princess_bridge
D:2:      layout_rooms, serial_shops, shop_statue, shop, shop, shop, shop
D:3:      layout_loops_ring, nicolae_vehumet_altar_sigil,
          nicolae_overflow_two_pavilions
D:4:      layout_loops_ring, minmay_misc_feat_four_crosses,
          amcnicky_altar_lugonu_corruption
D:5:      layout_cave_pods, nicolae_wu_jian_glorious_leap,
          minmay_temple_entry_stoned_glass, minmay_hollow_rounded_squares,
          uniq_grinder
D:6:      layout_loops_ring, mainiacjoe_overflow_six_doors_small,
          nicolae_sif_muna_little_library, grunt_decor_junction
D:7:      layout_basic, mainiacjoe_overflow_alcove_4,
          mainiacjoe_overflow_divided_tiny, uniq_pikel
Temple:   eino_wide_crystal_templ

Skill      XL: |  1  2  3  4  5  6  7  8  9 |
---------------+----------------------------+-----
Fighting       | 4 5 6 7 |  7.4
Axes           | 4 5 6 7 8 |  8.4
Armour         | 3 4 5 6 7 |  7.8
Dodging        | 3 4 5 |  5.0
Stealth        | 1 2 |  2.7
Maces & Flails | 3 5 |  5.2

Action                     |  1- 3 |  4- 6 |  7- 9 || total
---------------------------+-------+-------+-------++-------
  Melee: Hand axe          |    87 |    93 |    81 ||   261
         Headbutt          |    16 |    17 |    31 ||    64
         Punch             |     2 |     1 |     2 ||     5
         Dire flail        |       |       |    75 ||    75
         Battleaxe         |       |       |     4 ||     4
    Use: Scroll            |       |     5 |     1 ||     6
   Stab: Sleeping          |       |       |     1 ||     1
 Armour: Animal skin       |     6 |       |       ||     6
         Ring mail         |    20 |    17 |    20 ||    57
         Leather armour    |       |       |     8 ||     8
  Dodge: Dodged            |    60 |    76 |   112 ||   248
